 Dungeon Crawl Stone Soup version 0.30-a0-862-g1aabd4f (webtiles) character file.

Game seed: 14874675563336853239

13952 Nithhogg the Cleaver (level 12, 0/115 HPs)
             Began as a Hill Orc Fighter on Mar 8, 2023.
             Was a Believer of the Shining One.
             Slain by a two-headed ogre
             ... wielding a +0 giant spiked club
              (27 damage)
             ... on level 2 of the Orcish Mines.
             The game lasted 00:19:28 (11321 turns).

Nithhogg the Cleaver (Hill Orc Fighter)            Turns: 11321, Time: 00:19:29

Health: 0/115      AC: 12    Str: 24    XL:     12   Next: 11%
Magic:  0/17       EV: 15    Int:  8    God:    the Shining One [**....]
Gold:   650        SH:  0    Dex: 10    Spells: 11/11 levels left

rFire   . . .      SeeInvis .    q - +4 executioner's axe of Qomom {elec, rN+}
rCold   . . .      Faith    .    (shield currently unavailable)
rNeg    + + .      Spirit   +    b - +1 scale mail
rPois   .          Reflect  .    m - +2 hat
rElec   .          Rampage  .    (no cloak)
rCorr   .                        (no gloves)
Will    .....                    (no boots) Stlth
                                 e - amulet of guardian spirit
HPRegen 0.39/turn                i - +5 ring of evasion
MPRegen 0.15/turn                (no ring)

@: glowing
A: no striking features
a: Renounce Religion, Divine Shield


You were on level 2 of the Orcish Mines.
You worshipped the Shining One.
The Shining One was pleased with you.
You visited 3 branches of the dungeon, and saw 15 of its levels.
You also visited: Ossuary.

You collected 675 gold pieces.
You spent 25 gold pieces at shops.

Inventory:

Hand Weapons
 a - a +0 war axe
 d - a +2 flail of protection
 q - the +4 executioner's axe of Qomom (weapon) {elec, rN+}
   (You acquired it on level 7 of the Dungeon)

   rN:        It protects you from negative energy.
 E - a +5 war axe
 F - a +4 morningstar of freezing
 O - a +4 scimitar of flaming
Missiles
 s - 5 throwing nets (quivered)
Armour
 b - a +1 scale mail (worn)
 c - a +0 buckler
 m - a +2 hat (worn)
Jewellery
 e - an amulet of guardian spirit (around neck)
 i - a +5 ring of evasion (left hand)
 n - a ring of fire
 p - a ring of resist corrosion
 u - a ring of protection from cold
 P - a ring of protection from fire
Wands
 o - a wand of flame (38)
 r - a wand of roots (15)
 w - a wand of mindburst (31)
 C - a wand of light (1)
 D - a wand of digging (4)
Scrolls
 g - a scroll of enchant armour
 h - 2 scrolls of amnesia
 k - 6 scrolls of identify
 y - 3 scrolls of teleportation
 B - 2 scrolls of fog
 H - 2 scrolls of vulnerability
 I - 2 scrolls of blinking
 J - 2 scrolls of enchant weapon {unknown}
Potions
 f - 3 potions of curing
 j - 6 potions of ambrosia {unknown}
 l - 3 potions of heal wounds {unknown}
 t - 2 potions of invisibility {unknown}
 v - 2 potions of attraction {unknown}
 x - 6 potions of flight {unknown}
 z - 3 potions of degeneration {unknown}
 A - 3 potions of lignification {unknown}
 G - a potion of cancellation {unknown}
 M - a potion of might
 N - a potion of mutation {unknown}
 Q - a potion of berserk rage {unknown}
Miscellaneous
 K - a phial of floods


   Skills:
 + Level 13.1 Fighting
 + Level 13.8 Axes
 + Level 12.0 Armour
 - Level 3.2 Shields
 + Level 7.9 Invocations


You had 11 spell levels left.
You didn't know any spells.
Your spell library contained the following spells:

 Spells                   Type           Power      Damage    Failure   Level
 Freeze                   Ice            0%         1d3       65%         1
 Shock                    Conj/Air       0%         1d3       65%         1
 Lesser Beckoning         Tloc           0%         N/A       78%         2
 Static Discharge         Conj/Air       0%         2-2/arc   78%         2
 Frozen Ramparts          Ice            0%         1d1       95%         3
 Gell's Gravitas          Tloc           0%         N/A       95%         3
 Hailstorm                Conj/Ice       0%         3d3       95%         3
 Ignite Poison            Fire/Tmut/Pois 0%         N/A       95%         3
 Swiftness                Air            0%         N/A       95%         3
 Teleport Other           Tloc           0%         N/A       95%         3
 Vhi's Electric Charge    Tloc/Air       0%         N/A       95%         3
 Airstrike                Air            0%         2d(0-16)  100%        4
 Ice Form                 Ice/Tmut       0%         N/A       100%        4
 Sticky Flame             Conj/Fire      0%         2d3       100%        4
 Summon Ice Beast         Ice/Summ       0%         N/A       100%        4
 Arcjolt                  Conj/Air       0%         1d10      100%        5
 Freezing Cloud           Conj/Ice/Air   0%         6-21      100%        5
 Lightning Bolt           Conj/Air       0%         1d11      100%        5
 Simulacrum               Ice/Necr       0%         N/A       100%        6
 Ignition                 Fire           0%         3d3       100%        8
 Polar Vortex             Ice            0%         N/A       100%        9


Dungeon Overview and Level Annotations

Branches:
Dungeon (12/15)            Temple (1/1) D:7            Lair (0/5) D:11
    Orc (2/2) D:10        Ossuary (visited)
    Elf: Orc:2

Altars:
Ashenzari
Cheibriados
Dithmenos
Elyvilon
Fedhas
Gozag
Hepliaklqana
Kikubaaqudgha
Makhleb
Nemelex Xobeh
Okawaru
Qazlal
Ru
Sif Muna
Trog
Uskayaw
Vehumet
Wu Jian
Xom
Yredelemnul
Zin
The Shining One

Shops:
D:2 (   D:4 ::   D:8 [   D:9 *   Orc:1 *


Message History

An orc warrior comes into view. It is wielding a +0 hand axe.
You slice the two-headed ogre!!
Lightning courses through the two-headed ogre!
You kill the two-headed ogre!
The orc wizard gestures at you while chanting.
You are confused.
Your Armour skill increases to level 12!
You are too confused!
(D) Dungeon (T) Temple (L) Lair (O) Orcish Mines
Where to? (Enter - Orc:1, ? - help)
There are monsters nearby!
The orc warrior throws a boomerang.
The boomerang hits you.
* * * LOW HITPOINT WARNING * * *
In your confused state, you trip and fall down the stairs.
* * * LOW HITPOINT WARNING * * *
You climb downwards.
The two-headed ogre closely misses you. x2
The ogre barely misses you.
The two-headed ogre hits you with a +0 giant spiked club.
* * * LOW HITPOINT WARNING * * *
The two-headed ogre closely misses you.
An ogre comes into view. It is wielding a +0 giant club.
There is a stone staircase leading up, spattered with blood here.
Okay, then.
You are too confused!
You feel better.
The ogre shouts!
The ogre closely misses you. The two-headed ogre barely misses you.
The two-headed ogre hits you but does no damage.
The ogre completely misses you.
A two-headed ogre comes into view. It is wielding two +0 giant clubs.
You slice the two-headed ogre!!
The two-headed ogre is heavily wounded.
You slice the ogre!! You slash the two-headed ogre!
Lightning courses through the two-headed ogre!!
You slash the ogre!
The two-headed ogre hits you with a +0 giant spiked club.
* * * LOW HITPOINT WARNING * * *
The two-headed ogre misses you.
The two-headed ogre hits you with a +0 giant spiked club!!
You die...

.. ##....#........# #.
..##.....##...O..#
.... .........#
...OO.# ..#
...#.....## ....# #..#
....#.....###..###...#
.....##.......O.....#
....##.........O...#
#..# ##...###.OOOO##
### ###...###O#@##
##.##.#.####O#
#........# ...
##.##.#.####.##
######## ###


You could see 3 two-headed ogres and 6 ogres.

Vanquished Creatures
  Erica (D:9)
  4 two-headed ogres
  A boulder beetle (D:10)
  A deep elf pyromancer (D:12)
  A manticore (D:11)
  A kobold demonologist (D:7)
  A polar bear (shapeshifter) (D:8)
  A hornet (D:10)
  3 trolls
  Prince Ribbit (D:7)
  2 wyverns
  5 yaks (D:10)
  A steam dragon (D:7)
  3 vampire mosquitoes (D:12)
  Grum (D:9)
  5 wargs
  3 acid dragons
  3 water moccasins
  Duvessa (D:7)
  A black bear (D:5)
  A sky beast (D:6)
  4 ogres
  4 wolves (D:9)
  2 centaurs (D:8)
  2 kobold brigands
  7 bullfrogs
  2 gnoll sergeants
  4 scorpions
  3 necrophages (D:7)
  6 water moccasin zombies (Ossuary)
  12 wights
  Dowan (D:7)
  15 killer bees
  A howler monkey (D:10)
  2 centaur zombies (D:7)
  4 hounds
  A human zombie (D:7)
  11 orc priests
  A quasit (D:4)
  A gnoll bouda (D:9)
  4 iguanas
  2 sleepcaps
  7 orc wizards
  A killer bee zombie (D:7)
  4 mummies
  24 gnolls
  7 adders
  3 shadow imps
  5 white imps
  2 ufetubi (D:4)
  3 adder zombies (Ossuary)
  4 worms
  2 dart slugs
  30 orcs
  8 ball pythons
  8 endoplasms
  3 giant cockroaches
  6 gnoll zombies (Ossuary)
  6 goblins
  5 hobgoblins
  3 jackals
  17 kobolds
  A quokka (D:3)
  6 bats
  A frilled lizard (D:3)
  3 hobgoblin zombies (Ossuary)
  4 kobold zombies (Ossuary)
  6 orc zombies (Ossuary)
  4 rats
303 creatures vanquished.

Vanquished Creatures (others)
  6 demonic plants (D:4)
6 creatures vanquished.

Grand Total: 309 creatures vanquished

Notes
Turn   | Place    | Note
-------+----------+-------------------------------------------
     0 | D:1      | Nithhogg the Hill Orc Fighter began the quest for the Orb.
     0 | D:1      | Reached XP level 1. HP: 19/19 MP: 1/1
   147 | D:1      | Reached XP level 2. HP: 26/27 MP: 2/2
   365 | D:1      | Found a faded altar of an unknown god.
   745 | D:2      | Found Kuipn's Weapon Emporium.
   824 | D:2      | Reached XP level 3. HP: 33/33 MP: 3/3
  1875 | D:3      | Reached XP level 4. HP: 35/41 MP: 2/4
  1984 | D:3      | Reached XP level 5. HP: 15/47 MP: 0/5
  2167 | D:3      | Reached skill level 5 in Fighting
  2262 | D:3      | Found an iron altar of Okawaru.
  2482 | D:4      | Reached skill level 5 in Axes
  2499 | D:4      | Reached XP level 6. HP: 45/56 MP: 3/6
  2507 | D:4      | Reached skill level 5 in Armour
  2765 | D:4      | Found Ziwkidghy's Book Shoppe.
  3113 | D:4      | Found a snail-covered altar of Cheibriados.
  3206 | D:4      | Found Fijokh's Vocational Training.
  3469 | D:5      | Entered Level 5 of the Dungeon
  3477 | D:5      | Noticed a black bear
  3487 | D:5      | Killed a black bear
  3488 | D:5      | Reached XP level 7. HP: 45/63 MP: 5/7
  4454 | D:5      | Reached XP level 8. HP: 11/73 MP: 2/8
  5368 | D:6      | Found a hazy altar of Hepliaklqana.
  5654 | D:7      | Found a sand-covered staircase.
  5660 | Ossuary  | Entered an ossuary
  5916 | Ossuary  | Reached XP level 9. HP: 81/82 MP: 9/9
  6006 | D:7      | Identified a scroll of acquirement
  6006 | D:7      | Acquired the +4 executioner's axe of Qomom {elec, rN+}
  6077 | D:7      | Found a staircase to the Ecumenical Temple.
  6092 | Temple   | Entered the Ecumenical Temple
  6315 | D:7      | Noticed a kobold demonologist
  6326 | D:7      | Killed a kobold demonologist
  6347 | D:7      | Reached skill level 10 in Axes
  6594 | D:7      | Noticed Prince Ribbit
  6598 | D:7      | Killed Prince Ribbit
  6768 | D:7      | Noticed Duvessa
  6768 | D:7      | Noticed Dowan
  6771 | D:7      | Killed Dowan
  6774 | D:7      | Killed Duvessa
  6775 | D:7      | Reached skill level 10 in Fighting
  6854 | D:7      | Reached XP level 10. HP: 66/93 MP: 7/10
  7009 | D:7      | Found an ancient bone altar of Kikubaaqudgha.
  7366 | D:8      | Reached skill level 10 in Armour
  7454 | D:8      | Found Nojobyru's Antique Armour Shoppe.
  7617 | D:8      | Found a shadowy altar of Dithmenos.
  7620 | D:8      | Found a glowing golden altar of the Shining One.
  7622 | D:8      | Found a shimmering blue altar of Sif Muna.
  7624 | D:8      | Found a burning altar of Makhleb.
  7629 | D:8      | Found a broken altar of Ashenzari.
  7639 | D:8      | Became a worshipper of the Shining One
  8009 | D:9      | Noticed Grum
  8015 | D:9      | Reached skill level 1 in Invocations
  8023 | D:9      | Killed Grum
  8444 | D:9      | Found a sparkling altar of Nemelex Xobeh.
  9101 | D:9      | Noticed Erica
  9111 | D:9      | Killed Erica
  9112 | D:9      | Reached XP level 11. HP: 65/104 MP: 10/13
  9243 | D:9      | Found Ahusa's Assorted Antiques.
  9249 | D:9      | Bought a scroll labelled XIZXAE SASUI for 25 gold pieces
  9669 | D:10     | Entered Level 10 of the Dungeon
  9846 | D:10     | Reached * piety under the Shining One
  9846 | D:10     | Noticed a two-headed ogre
  9852 | D:10     | Killed a two-headed ogre
  9970 | D:10     | Noticed a two-headed ogre
  9975 | D:10     | Killed a two-headed ogre
  9976 | D:10     | Reached skill level 5 in Invocations
 10214 | D:10     | Found a staircase to the Orcish Mines.
 10288 | D:10     | Noticed a boulder beetle
 10302 | D:10     | Killed a boulder beetle
 10525 | D:11     | Found a staircase to the Lair.
 10741 | D:11     | Noticed a manticore
 10747 | D:11     | Killed a manticore
 10902 | D:12     | Reached ** piety under the Shining One
 10982 | D:12     | Noticed a deep elf pyromancer
 11006 | D:12     | Killed a deep elf pyromancer
 11154 | Orc:1    | Entered Level 1 of the Orcish Mines
 11279 | Orc:1    | You fall into a shaft and drop 1 floor!
 11279 | Orc:2    | Entered Level 2 of the Orcish Mines
 11300 | Orc:2    | Noticed a two-headed ogre
 11300 | Orc:2    | Noticed a two-headed ogre
 11300 | Orc:2    | Noticed a two-headed ogre
 11301 | Orc:2    | Noticed a two-headed ogre
 11301 | Orc:2    | Noticed a two-headed ogre
 11309 | Orc:2    | Killed a two-headed ogre
 11310 | Orc:2    | Reached XP level 12. HP: 46/115 MP: 7/17
 11311 | Orc:1    | Found Lovedod's Assorted Antiques.
 11317 | Orc:1    | Killed a two-headed ogre
 11321 | Orc:2    | Noticed a two-headed ogre
 11321 | Orc:2    | Slain by a two-headed ogre

Illustrated notes

Levels and vault maps discovered:
D:1:      nzn_arrival_crosshair, layout_loops_ring, basic_ecumenical_altar,
          nrook_campfire
D:2:      layout_loops_ring, serial_co_window_serial, co_window_paths_a,
          co_window_paths_a, co_window_paths_a, co_window_paths_a,
          co_window_paths_a, co_window_broadway_a, co_window_unsneaky_path_d,
          co_window_broadway_c, co_window_unsneaky_path_a, co_window_paths_c,
          co_window_broadway_b, co_window_paths_d, glass_columns_b,
          glass_columns_a, glass_columns_a, glass_columns_a, glass_columns_a,
          serial_shops, nicolae_diamond_shop
D:3:      layout_rooms, lemuel_tele_altar, minmay_quantized
D:4:      layout_gridville, slow_altar_1, serial_demonic, serial_demonic_e,
          serial_demonic_b, serial_demonic_g, serial_demonic_a, serial_shops,
          shop, st_stairs_10, chequers_serial_rivers_small_b,
          nicolae_shop_vocational
D:5:      layout_basic, small_statue_intersection
D:6:      layout_rooms, nicolae_hepliaklqana_hazy_memory, reono_crystal_passage,
          grunt_ministairs_6, hangedman_decor_riveting
D:7:      layout_loops_corners, lemuel_mausoleum_altar_kikubaaqudgha,
          minmay_temple_entry_statues_fountains, nicolae_ossuary_entry_plus,
          uniq_prince_ribbit1, uniq_duvessa
D:8:      layout_loops_ring, minitemple, serial_shops, shop,
          chequers_serial_rivers_micro_e
D:9:      layout_grid_maze, mainiacjoe_overflow_six_doors_small, serial_shops,
          shop, uniq_grum, uniq_erica
D:10:     layout_roguey, erik_orc_4
D:11:     layout_roguey, erik_lair_orcish_takeover, gammafunk_ghost_split,
          minmay_nine_imps
D:12:     layout_basic
Temple:   nicolae_temple_x_marks_the_god
Orc:1:    layout_caves, serial_shops, shop
Orc:2:    st_orc_ogre_mass, layout_caves, uniq_jorgrun, uniq_urug, uniq_nessos

Skill      XL: |  1  2  3  4  5  6  7  8  9 10 11 12 |
---------------+-------------------------------------+-----
Axes           | 3 4 5 6 7 8 10 12 13 | 13.8
Fighting       | 4 5 6 7 8 10 11 13 | 13.1
Armour         | 4 5 6 7 9 10 11 12 | 12.0
Invocations    | 3 7 |  7.9
Shields        | |  3.2

Action                     |  1- 3 |  4- 6 |  7- 9 | 10-12 || total
---------------------------+-------+-------+-------+-------++-------
  Melee: War axe           |    82 |   153 |   279 |       ||   514
         Punch             |       |     2 |     1 |       ||     3
         Executioner's axe |       |       |    56 |   230 ||   286
 Invoke: Divine Shield     |       |       |       |     1 ||     1
    Use: Potion            |       |     1 |     3 |     4 ||     8
         Scroll            |       |       |     7 |     5 ||    12
 Armour: Scale mail        |    42 |    87 |   137 |    99 ||   365
  Dodge: Dodged            |    69 |   189 |   266 |   259 ||   783
  Block: Other             |       |       |       |     2 ||     2

Table legend: (Time is in decaauts)
 A = Elapsed time spent in this place.
 B = Non-inter-level travel time spent in this place.
 C = Inter-level travel time spent in this place.
 D = Time resting spent in this place.
 E = Time spent auto-exploring this place.
 F = Levels seen in this place.
 G = Mean time per level.
                   A        B        C        D        E       F      G
               +--------+--------+--------+--------+--------+-----+--------+
         Total |  11514 |  11149 |    365 |    694 |   8540 |  16 |  719.6 |
       Dungeon |  10968 |  10610 |    358 |    694 |   8213 |  12 |  914.0 |
        Temple |     59 |     59 |      0 |      0 |     45 |   1 |   59.0 |
  Orcish Mines |    168 |    162 |      6 |      0 |    132 |   2 |   84.0 |
       Ossuary |    317 |    317 |      0 |      0 |    150 |   1 |  317.0 |
               +--------+--------+--------+--------+--------+-----+--------+

Top non-repeatable levels by time:
     D:5: 1619 daAuts
     D:9: 1581 daAuts
     D:7: 1219 daAuts
     D:2: 1100 daAuts
     D:8: 912 daAuts
     D:4: 908 daAuts
    D:10: 887 daAuts
     D:3: 766 daAuts
     D:1: 758 daAuts
     D:6: 590 daAuts
    D:11: 410 daAuts
 Ossuary: 317 daAuts
    D:12: 213 daAuts
   Orc:1: 133 daAuts
  Temple: 59 daAuts
